 Dungeon Crawl Stone Soup version 0.28.0 (webtiles) character file.

Game seed: 17762471441837696666

14 themarg the Caller (level 2, 0/19 HPs)
             Began as a Merfolk Summoner on Feb 10, 2022.
             Slain by a jackal (1 damage)
             ... on level 1 of the Dungeon.
             The game lasted 00:03:13 (549 turns).

themarg the Caller (Merfolk Summoner)                Turns: 549, Time: 00:03:13

Health: 0/19       AC:  2    Str:  8    XL:     2   Next: 45%
Magic:  2/5        EV: 13    Int: 14    God:
Gold:   60         SH:  0    Dex: 14    Spells: 4/5 levels left

rFire   . . .      SeeInvis .   c - +0 club
rCold   . . .      Faith    .   (no shield)
rNeg    . . .      Spirit   .   a - +0 robe
rPois   .          Reflect  .   (no helmet)
rElec   .          Harm     .   (no cloak)
rCorr   .          Rampage  .   (no gloves)
Will    .....                   (no boots)
Stlth   ++........              (no amulet)
HPRegen 0.06/turn               (no ring)
MPRegen 0.09/turn               (no ring)

@: no status effects
A: (nimble swimmer 2), mertail
a: no special abilities


You were on level 1 of the Dungeon.
You visited 1 branch of the dungeon, and saw 1 of its levels.

You collected 60 gold pieces.

Inventory:

Hand Weapons
 c - a +0 club (weapon)
Missiles
 d - a stone
Armour
 a - a +0 robe (worn)
Scrolls
 e - a scroll of fear {unknown}
 f - 2 scrolls of identify {unknown}
 g - a scroll of teleportation {unknown}
Potions
 b - a potion of mutation {unknown}


   Skills:
 + Level 3.0 Dodging
 + Level 2.2 Stealth
 + Level 2.0 Spellcasting
 + Level 4.4 Summonings


You had 4 spell levels left.
You knew the following spells:

 Your Spells              Type           Power      Damage    Failure   Level
a - Summon Small Mammal   Summ           52%        N/A       3%          1

Your spell library contained the following spells:

 Spells                   Type           Power      Damage    Failure   Level
 Call Imp                 Summ           13%        N/A       6%          2
 Call Canine Familiar     Summ           13%        N/A       12%         3
 Sting                    Tmut/Pois      4%         1d3       24%         1
 Summon Guardian Golem    Hex/Summ       7%         N/A       28%         3
 Poisonous Vapours        Pois/Air       2%         N/A       34%         2
 Summon Lightning Spire   Summ/Air       7%         N/A       67%         4
 Olgreb's Toxic Radiance  Pois           1%         N/A       93%         4


Dungeon Overview and Level Annotations

Branches:
Dungeon (1/15)

Altars:


Innate Abilities, Weirdness & Mutations

((You are very nimble when in or above water. (Stealth+, EV+, Speed+++)))
Your lower body shifts to a powerful aquatic tail in water.


Message History

You hit the jackal.
You kill the jackal!
Your bat closely misses the jackal.
The jackal bites you. The jackal barely misses you.
You closely miss the jackal.
The jackal is moderately wounded.
Your bat closely misses the jackal.
The jackal bites you. x2
The jackal barely misses you. x2
You hit the jackal but do no damage.
The jackal is moderately wounded.
Your bat hits the jackal but does no damage.
The jackal bites you. The jackal misses you. x2
The jackal closely misses you.
Casting: Summon Small Mammal (safe; 3% risk of failure)
Confirm with . or Enter, or press ? or * to list all spells.
Your bat closely misses the jackal.
The jackal misses you. The jackal barely misses you.
Your bat barely misses the jackal.
You swap places.
Your bat hits the jackal but does no damage.
The jackal bites your rat but does no damage.
The jackal closely misses you. The jackal barely misses your rat.
The jackal bites you.
Your rat closely misses the jackal.
You barely miss the jackal.
The jackal is moderately wounded.
Your bat hits the jackal but does no damage.
The jackal bites your rat.
Your rat dies!
Your rat's corpse disappears in a puff of smoke!
The jackal bites you.
* * * LOW HITPOINT WARNING * * *
The jackal bites you.
* * * LOW HITPOINT WARNING * * *
Casting: Summon Small Mammal (safe; 3% risk of failure)
Confirm with . or Enter, or press ? or * to list all spells.
Your bat hits the jackal but does no damage.
The jackal bites you.
* * * LOW HITPOINT WARNING * * *
The jackal barely misses you.
You swap places.
Your bat barely misses the jackal.
The jackal bites you.
You die...

##########
#...h....# ####
#.######... #
...####.# ##.
##.....†#
##..##..##.r.#
#...#....##hh#
#.........#@.#
#..#..).....b#
#..##.)÷.#...##
#...##..##.......
#....##....####
####....#.##
#.#####.###.#
#.......# #.#
#######.# #.#


You could see 2 jackals, a friendly quokka (summoned) and a friendly bat
(summoned).

Vanquished Creatures
  A goblin (D:1)
  A hobgoblin (D:1)
  A jackal (D:1)
  A frilled lizard (D:1)
  A kobold (D:1)
  A rat (D:1)
6 creatures vanquished.

Vanquished Creatures (collateral kills)
  A dart slug (D:1)
  A ball python (D:1)
  A bat (D:1)
  A jackal (D:1)
  2 rats (D:1)
6 creatures vanquished.

Grand Total: 12 creatures vanquished

Notes
Turn   | Place    | Note
-------+----------+-------------------------------------------
     0 | D:1      | themarg the Merfolk Summoner began the quest for the Orb.
     0 | D:1      | Reached XP level 1. HP: 13/13 MP: 3/3
   333 | D:1      | Reached XP level 2. HP: 16/19 MP: 0/5
   549 | D:1      | Slain by a jackal

Illustrated notes

Levels and vault maps discovered:
D:1:      dpeg_arrival_line_fractal, layout_loops_ring, minivault_23,
          minmay_pentomino_w4

Skill      XL: |  1 |
---------------+----+-----
Dodging        | 3 |  3.0
Stealth        | |  2.2
Spellcasting   | |  2.0
Summonings     | |  4.4

Action                   || total
-------------------------++-------
Melee: Club              ||    25
       Unarmed           ||     5
 Cast: Summon Small Mamm ||    18
 Stab: Sleeping          ||     2
Armor: Robe              ||     8
Dodge: Dodged            ||    35
